Map: Opérations galactiques EC

Players

erikmaster

  • Race: Protoss Protoss
  • Spawn Location: 1:00

zidar - Winner!

  • Race: Zerg Zerg
  • League: Platinum
  • Spawn Location: 7:00

VOD

Have the link to the VOD?

Description

Time

  • Played on: Nov. 18, 2016, 11:08 a.m.
  • Length: 5:29
Show
View Real Time Build Order
Export as new Build Order

erikmaster Protoss 

Build Orders: Oracle Opening 

Get SALT Encoding   

  12  0:01  Probe (Chrono Boost)  
  13  0:11  Probe (Chrono Boost)  
  14  0:21  Pylon  
  14  0:23  Probe (Chrono Boost)  
  15  0:38  Assimilator  
  15  0:40  Probe (Chrono Boost)  
  16  0:45  Gateway  
  16  0:56  Probe (Chrono Boost)  
  17  0:59  Assimilator  
  17  1:07  Probe (Chrono Boost)  
  18  1:17  Probe (Chrono Boost)  
  19  1:28  Probe (Chrono Boost)  
  20  1:44  Pylon  
  20  1:45  Zealot  
  22  1:57  Probe (Chrono Boost)  
  23  2:08  Cybernetics Core  
  23  2:20  Nexus  
  23  2:25  Probe (Chrono Boost)  
  24  2:35  Zealot  
  24  2:36  Probe (Chrono Boost)  
  27  2:47  Stargate  
  27  3:03  Probe (Chrono Boost)  
  27  3:05  Warp Gate  
  28  3:08  Sentry  
  30  3:25  Pylon  
  30  3:32  Mothership Core (Chrono Boost)  
  30  3:33  Probe (Chrono Boost)  
  33  3:37  Sentry, Oracle (Chrono Boost)  
  38  3:43  Probe  
  39  3:53  Probe  
  40  3:57  Gateway  
  40  4:00  Gateway  
  40  4:03  Sentry  
  21  4:41  Pylon  
  17  4:47  Probe (Chrono Boost)  
  18  4:59  Probe (Chrono Boost)  
  19  5:09  Probe (Chrono Boost)  
Show
View Real Time Build Order
Export as new Build Order

zidar Zerg - Winner!

Build Orders: Pool First 

Get SALT Encoding   

  12  0:01  Drone  
  13  0:12  Overlord  
  13  0:16  Drone  
  14  0:31  Drone x2  
  16  0:43  Spawning Pool  
  16  0:46  Drone  
  16  1:10  Hatchery  
  15  1:14  Drone  
  15  1:18  Extractor  
  15  1:20  Drone  
  16  1:32  Queen  
  18  1:38  Zergling x2  
  19  1:48  Drone x2  
  19  1:51  Zergling x2  
  22  2:19  Metabolic Boost  
  22  2:21  Queen, Overlord  
  23  2:41  Zergling x10  
  28  3:05  Baneling Nest  
  27  3:06  Drone x6  
  33  3:39  Lair  
  33  3:52  Extractor  
  33  3:53  Drone x3  
  35  3:56  Drone  
  35  3:58  Overlord  
  35  3:59  Overlord x2  
  35  4:23  Spore Crawler  
  34  4:28  Spore Crawler  
  31  4:45  Zergling x18  
  36  4:55  Drone x2  
  38  5:19  Evolution Chamber  
  37  5:21  Evolution Chamber  
Tags
 
Add a new tag
Caveats
  • Supply blocks, unpowered buildings, or Contaminate may cause inaccurate times.
  • Supply counts are checked every 10 seconds.